 Dungeon Crawl Stone Soup version 0.26.1-2-gb8aa6d0cf2 (webtiles) character file.

Game seed: 11533409529779137283

103 OurKingInYellow the Vexing (level 5, -1/36 HPs)
             Began as a Human Enchanter on Mar 13, 2021.
             Slain by an orc
             ... wielding a +0 club
              (2 damage)
             ... on level 3 of the Dungeon.
             The game lasted 00:11:14 (3332 turns).

OurKingInYellow the Vexing (Human Enchanter)        Turns: 3332, Time: 00:11:14

Health: -1/36      AC:  3    Str:  9    XL:     5   Next: 6%
Magic:  8/8        EV: 13    Int: 16    God:
Gold:   128        SH:  0    Dex: 13    Spells: 0/9 levels left

rFire    . . .     SeeInvis .   o - +1 long sword
rCold    . . .     Faith    .   (no shield)
rNeg     . . .     Spirit   .   b - +0 robe
rPois    .         Reflect  .   c - +0 helmet
rElec    .         Harm     .   (no cloak)
rCorr    .         Rampage  .   (no gloves)
Will     .....                  (no boots)
Stlth    ++........             (no amulet)
HPRegen  0.12/turn              (no ring)
MPRegen  0.11/turn              (no ring)

@: no status effects
A: no striking features
a: no special abilities


You were on level 3 of the Dungeon.
You visited 1 branch of the dungeon, and saw 3 of its levels.

You collected 128 gold pieces.

Inventory:

Hand Weapons
 a - a +1 dagger
 d - a +0 short sword
 h - a +0 hand axe
 o - a +1 long sword (weapon)
Armour
 b - a +0 robe (worn)
 c - a +0 helmet (worn)
Scrolls
 i - a scroll of immolation {unknown}
 k - 2 scrolls of remove curse
Potions
 e - a potion of attraction {unknown}
 f - 2 potions of resistance {unknown}
 g - 2 potions of mutation {unknown}
 n - a potion of heal wounds {unknown}


   Skills:
 + Level 0.7 Fighting
 - Level 1.0(1.2) Short Blades
 + Level 1.2(1.4) Long Blades
 + Level 1.1 Axes
 + Level 2.4 Dodging
 - Level 3.2 Stealth
 + Level 2.6 Spellcasting
 + Level 3.7 Hexes
 + Level 0.4 Ice Magic


You couldn't memorise any spells.
You knew the following spells:

 Your Spells              Type           Power        Failure   Level
a - Corona                Hex            15%          4%          1
b - Ensorcelled Hibernat  Hex/Ice        16%          12%         2
c - Confusing Touch       Hex            14%          13%         3
d - Tukima's Dance        Hex            14%          13%         3

Your spell library contained the following spells:

 Spells                   Type           Power        Failure   Level
 Dazzling Flash           Conj/Hex       16%          26%         3


Dungeon Overview and Level Annotations

Branches:
Dungeon (3/15)

Altars:


Message History

The orc is moderately wounded.
The orc hits you but does no damage. The orc hits you with a +0 club.
* * * LOW HITPOINT WARNING * * *
The orc hits you with a +0 club.
* * * LOW HITPOINT WARNING * * *
You hit the orc but do no damage.
The orc is moderately wounded.
The orc stops glowing.
The orc hits you with a cursed -2 whip.
* * * LOW HITPOINT WARNING * * *
The orc misses you.
You riposte.
You closely miss the orc.
The orc is heavily wounded.
The orc hits you but does no damage. The orc hits you with a cursed -2 whip.
* * * LOW HITPOINT WARNING * * *
The orc misses you.
You riposte.
You hit the orc.
The orc is severely wounded.
Okay, then.
You slash the orc!
You kill the orc!
The orc hits you with a +0 club.
You die...

#. #. #########.#.#
#........>...##
#.........#.#.##
#..............#
###.o.......#.#..##
#..@))............##
#.#.o.......#......#
#)#.........##......
#.#......... #.....#
#.#......... #....##
#.#####.#.## #..###
##.# #.#.####..####
#..# ##.#..........#
#.## #...#####..##.#


You could see 2 orcs.

Vanquished Creatures
  An orc priest (D:3)
  An adder (D:2)
  A dart slug (D:1)
  A leopard gecko (D:2)
  5 orcs (D:3)
  A ball python (D:2)
  3 giant cockroaches
  8 goblins
  6 hobgoblins
  3 jackals (D:1)
  7 kobolds
  2 quokkas
  7 bats
  4 frilled lizards
  7 rats
57 creatures vanquished.

Notes
Turn   | Place    | Note
-------+----------+-------------------------------------------
     0 | D:1      | OurKingInYellow the Human Enchanter began the quest for the
                  | Orb.
     0 | D:1      | Reached XP level 1. HP: 13/13 MP: 3/3
   350 | D:1      | Reached XP level 2. HP: 19/19 MP: 0/5
  1329 | D:1      | Reached XP level 3. HP: 21/24 MP: 3/6
  1466 | D:1      | Learned a level 2 spell: Ensorcelled Hibernation
  1470 | D:1      | Learned a level 3 spell: Confusing Touch
  2584 | D:2      | Reached XP level 4. HP: 26/30 MP: 5/7
  2720 | D:3      | Reached skill level 1 in Axes
  3166 | D:3      | Reached skill level 1 in Long Blades
  3271 | D:3      | Reached XP level 5. HP: 34/36 MP: 6/8
  3276 | D:3      | Learned a level 3 spell: Tukima's Dance
  3330 | D:3      | HP: 1/36 [orc/cursed -2 whip (1)]
  3332 | D:3      | Slain by an orc

Illustrated notes

Levels and vault maps discovered:
D:1:      dpeg_arrival_central, layout_basic
D:2:      layout_loops_ring
D:3:      layout_loops_ring

Skill      XL: |  1  2  3  4 |
---------------+-------------+-----
Axes           | 1 |  1.1
Long Blades    | 1 |  1.2
Fighting       | |  0.7
Short Blades   | |  1.0
Dodging        | |  2.4
Stealth        | |  3.2
Spellcasting   | |  2.6
Hexes          | |  3.7
Ice Magic      | |  0.4

Action                   |  1- 3 |  4- 6 || total
-------------------------+-------+-------++-------
Melee: Short sword       |    18 |       ||    18
       Hand axe          |    91 |       ||    91
       Dagger            |     1 |       ||     1
       Long sword        |     9 |    47 ||    56
 Cast: Corona            |    35 |    11 ||    46
       Ensorcelled Hiber |     9 |       ||     9
       Confusing Touch   |     1 |       ||     1
  Use: Scroll            |     5 |       ||     5
       Potion            |       |     4 ||     4
 Stab: Sleeping          |     5 |     2 ||     7
Armor: Robe              |    43 |    13 ||    56
Dodge: Dodged            |   113 |    31 ||   144
       Rpst.: Long sword |     4 |     7 ||    11
